 Dungeon Crawl Stone Soup version 0.28.0-45-g0d030f2227 (webtiles) character file.

Game seed: 255941829184750830

265 Icepheonix32 the Chiller (level 5, -4/36 HPs)
             Began as a Demonspawn Ice Elementalist on Apr 16, 2022.
             Slain by a shadow imp (5 damage)
             ... on level 4 of the Dungeon.
             The game lasted 00:05:04 (3583 turns).

Icepheonix32 the Chiller (DsIE)                     Turns: 3583, Time: 00:05:05

Health: -4/36      AC:  3    Str: 10    XL:     5   Next: 99%
Magic:  5/10       EV: 12    Int: 17    God:
Gold:   107        SH:  0    Dex: 13    Spells: 3/10 levels left

rFire   . . .      SeeInvis .   h - +0 spear
rCold   . . .      Faith    .   (no shield)
rNeg    . . .      Spirit   .   a - +0 robe
rPois   .          Reflect  .   (no helmet)
rElec   .          Harm     .   (no cloak)
rCorr   .          Rampage  .   (no gloves)
Will    .....                   (no boots)
Stlth   ++........              (no amulet)
HPRegen 0.12/turn               (no ring)
MPRegen 0.24/turn               (no ring)

@: no status effects
A: foul stench 1, magic regeneration, sharp scales 1
a: no special abilities


You were on level 4 of the Dungeon.
You visited 1 branch of the dungeon, and saw 4 of its levels.

You collected 107 gold pieces.

Inventory:

Hand Weapons
 b - a +0 club
 d - a +0 war axe
 h - a +0 spear (weapon)
 k - a +0 falchion
Missiles
 g - 2 javelins
 p - 5 curare-tipped darts
Armour
 a - a +0 robe (worn)
 i - a +0 ring mail
Scrolls
 c - 2 scrolls of blinking {unknown}
 e - a scroll of brand weapon {unknown}
 f - 2 scrolls of fog {unknown}
 j - a scroll of silence {unknown}
 l - a scroll of amnesia {unknown}
 m - a scroll of summoning {unknown}
Potions
 n - a potion of heal wounds {unknown}
 o - a potion of curing {unknown}
 q - a potion of mutation {unknown}


   Skills:
 + Level 0.4 Fighting
 - Level 0.5(0.7) Axes
 + Level 0.5(0.7) Polearms
 * Level 2.0 Armour
 + Level 2.2 Dodging
 + Level 2.6 Stealth
 - Level 0.1 Unarmed Combat
 + Level 3.4 Spellcasting
 + Level 4.6 Ice Magic


You had 3 spell levels left.
You knew the following spells:

 Your Spells              Type           Power      Damage    Failure   Level
a - Freeze                Ice            72%        1d9       2%          1
b - Ozocubu's Armour      Ice            18%        N/A       8%          3
c - Frozen Ramparts       Ice            36%        1d5       8%          3

Your spell library contained the following spells:

 Spells                   Type           Power      Damage    Failure   Level
 Hailstorm                Conj/Ice       10%        3d5       54%         4


Dungeon Overview and Level Annotations

Branches:
Dungeon (4/15)
 Temple: D:4-7

Altars:

Shops:
D:3 [

Annotations:
D:2 1 runed translucent door, Crazy Yiuf, Sigmund


Innate Abilities, Weirdness & Mutations

You may rarely emit foul miasma when damaged in melee.
You regenerate magic rapidly.
You are partially covered in razor-sharp scales. (AC +1, Slay +1)


Message History

Aim: a shadow imp (foul pestilence, moderately wounded)
You freeze the shadow imp but do no damage.
The shadow imp completely resists.
The shadow imp hits you.
* * * LOW HITPOINT WARNING * * *
Unknown command.
Casting: Freeze (safe; 2% risk of failure)
Confirm with . or Enter, or press ? or * to list all spells.
Aiming: Freeze (safe; 2% risk of failure)
Press: ? - help, Shift-Dir - straight line, f/p - shadow imp
Aim: a shadow imp (foul pestilence, moderately wounded)
You freeze the shadow imp.
The shadow imp resists.
The shadow imp is heavily wounded.
The shadow imp hits you.
* * * LOW HITPOINT WARNING * * *
Casting: Freeze (safe; 2% risk of failure)
Confirm with . or Enter, or press ? or * to list all spells.
Aiming: Freeze (safe; 2% risk of failure)
Press: ? - help, Shift-Dir - straight line, f/p - shadow imp
Aim: a shadow imp (foul pestilence, heavily wounded)
You freeze the shadow imp but do no damage.
The shadow imp completely resists.
The shadow imp hits you.
* * * LOW HITPOINT WARNING * * *
Casting: Freeze (safe; 2% risk of failure)
Confirm with . or Enter, or press ? or * to list all spells.
Aiming: Freeze (safe; 2% risk of failure)
Press: ? - help, Shift-Dir - straight line, f/p - shadow imp
Aim: a shadow imp (foul pestilence, heavily wounded)
You freeze the shadow imp.
The shadow imp resists.
The shadow imp is heavily wounded.
The shadow imp barely misses you.
Your magical contamination has completely faded away.
Casting: Freeze (safe; 2% risk of failure)
Confirm with . or Enter, or press ? or * to list all spells.
Aiming: Freeze (safe; 2% risk of failure)
Press: ? - help, Shift-Dir - straight line, f/p - shadow imp
Aim: a shadow imp (heavily wounded)
You freeze the shadow imp.
The shadow imp resists.
The shadow imp is heavily wounded.
The shadow imp hits you.
You die...

... ...# ..... ###
## .....
#.#####..#
......###..#.....#
.......#....@5...#
............#...##
.......#...######
.....###.###
.....#..## #)....#
..#.....###
#........#.#
##.###.....####


You could see a shadow imp.

Vanquished Creatures
  A necrophage (D:4)
  A hound (D:3)
  A hound skeleton (D:4)
  5 gnolls
  3 adders
  A worm (D:2)
  2 dart slugs
  8 ball pythons
  7 bats
  5 endoplasms
  4 giant cockroaches
  3 goblins
  9 hobgoblins
  2 kobolds
  2 quokkas (D:2)
  8 frilled lizards
  5 rats
67 creatures vanquished.

Notes
Turn   | Place    | Note
-------+----------+-------------------------------------------
     0 | D:1      | Icepheonix32 the Demonspawn Ice Elementalist began the
                  | quest for the Orb.
     0 | D:1      | Reached XP level 1. HP: 13/13 MP: 3/3
   142 | D:1      | Gained mutation: You are partially covered in razor-sharp
                  | scales. (AC +1, Slay +1) [demonic ancestry]
   142 | D:1      | Reached XP level 2. HP: 19/19 MP: 1/5
   928 | D:1      | Gained mutation: You may rarely emit foul miasma when
                  | damaged in melee. [demonic ancestry]
   928 | D:1      | Reached XP level 3. HP: 24/24 MP: 6/6
   933 | D:1      | Reached skill level 1 in Armour
  1221 | D:1      | Found a faded altar of an unknown god.
  1760 | D:2      | Reached skill level 4 in Ice Magic
  1780 | D:2      | Learned a level 3 spell: Ozocubu's Armour
  1977 | D:2      | Gained mutation: You regenerate magic rapidly. [demonic
                  | ancestry]
  1977 | D:2      | Reached XP level 4. HP: 30/30 MP: 7/7
  2135 | D:2      | Found a runed translucent door.
  2136 | D:2      | Noticed Crazy Yiuf
  2239 | D:2      | Noticed Sigmund
  2424 | D:3      | Reached XP level 5. HP: 19/35 MP: 4/9
  2709 | D:3      | Found Tuj Usey's Antique Armour Shoppe.
  3381 | D:4      | Noticed a necrophage
  3401 | D:4      | Killed a necrophage
  3570 | D:4      | Learned a level 3 spell: Frozen Ramparts
  3581 | D:4      | HP: 1/36 [shadow imp (4)]
  3583 | D:4      | Slain by a shadow imp

Illustrated notes

Levels and vault maps discovered:
D:1:      dpeg_arrival_lava_temple_mockup, layout_loops_corners,
          dilly_ecumenical_altar_fadedgnrine, minmay_cut_off
D:2:      layout_loops_ring, serial_shops, shop,
          minmay_randomly_rotated_circles, uniq_crazy_yiuf_cottage, uniq_sigmund
D:3:      layout_loops_ring, serial_shops, nicolae_shop_overgrown_old_shop
D:4:      layout_cave_pools, grunt_gozag_breadcrumbs, minmay_crossroads

Skill      XL: |  1  2  3  4  5 |
---------------+----------------+-----
Armour         | 1 2 |  2.0
Dodging        | 2 |  2.2
Stealth        | 2 |  2.6
Ice Magic      | 4 |  4.6
Spellcasting   | 3 |  3.4
Fighting       | |  0.4
Axes           | |  0.5
Polearms       | |  0.5
Unarmed Combat | |  0.1

Action                   |  1- 3 |  4- 6 || total
-------------------------+-------+-------++-------
Melee: Unarmed           |     5 |       ||     5
       Punch             |     1 |     1 ||     2
       War axe           |    24 |       ||    24
       Spear             |     4 |    56 ||    60
Throw: Javelin           |     1 |       ||     1
 Cast: Freeze            |    48 |    38 ||    86
       Ozocubu's Armour  |       |     2 ||     2
 Stab: Sleeping          |     3 |     3 ||     6
Armor: Robe              |    20 |    37 ||    57
Dodge: Dodged            |    45 |    68 ||   113
